AoeStats
← 小桦

Pilgrims

509530952Analyzed
4v4 RM · 5d ago on Sep 27, 2026· 51m 48s· 8 players
Game mode
Random Map
Map size
Large (8 player)
Population
200
Speed
Normal
Resources
Standard
Victory
Conquest
Starting age
Dark Age
Ending age
Imperial Age
RankedLock teamsTeams togetherTeam positionsShared explorationLock speedFull tech treeHidden civsTurbo modeCheats
Victory
Defeat
🇨🇳 Vietnamese · China
1473
+11
🇦🇺 Armenians · Australia
1356
+16
🇨🇳 Danes · China
1220
+28
1209
+22
🇨🇦 Malians · Canada
1392
-19
🇲🇽 Varangians · Mexico
1370
-18
🇨🇴 Georgians · Colombia
1350
-18
🇺🇸 Spanish · United States
1287
-15
Máximo Décimo Meridio
5:10 Loom
14:53 Feudal Age
18:38 Castle Age
16:41 Double-Bit Axe
19:57 Fletching
21:25 Stone Mining
22:17 Wheelbarrow
24:50 Fishing Lines
35:07 Imperial Age
41:46 Conscription
45:38 Town Watch
VZ | TheeChosen
7:25 Loom
12:16 Feudal Age
16:43 Double-Bit Axe
18:50 Horse Collar
21:24 Wheelbarrow
20:41 Gold Mining
23:01 Fishing Lines
23:53 Fletching
28:41 Castle Age
28:09 Scale Barding Armor
28:14 Forging
30:01 Chain Barding Armor
29:54 Bloodlines
29:44 Husbandry
31:39 Iron Casting
36:22 Bodkin Arrow
42:30 Stone Mining
47:00 Imperial Age
46:05 Hand Cart
47:06 Cavalier
47:06 Light Cavalry
48:23 Plate Barding Armor
48:48 Blast Furnace
48:51 Hand Cart
.|.
6:23 Loom
9:47 Feudal Age
10:49 Double-Bit Axe
15:41 Forging
23:59 Castle Age
23:00 Town Watch
23:50 Wheelbarrow
23:38 Gold Mining
23:40 Stone Mining
23:34 Horse Collar
26:02 Medium Warships
26:28 Iron Casting
27:09 Hand Cart
27:08 Heavy Plow
27:27 Fishing Lines
30:56 Gillnets
34:21 Ballistics
38:56 Imperial Age
37:59 Bow Saw
37:44 Treadmill Crane
38:00 Murder Holes
38:40 Vendel Legacy
41:17 Blast Furnace
40:22 Scale Barding Armor
40:42 Conscription
42:19 Husbandry
41:40 Light Cavalry
42:31 Bloodlines
41:42 Cavalier
42:21 Hussar
44:38 Crop Rotation
46:43 Chemistry
45:26 Heavy Scorpion
48:00 Two-Man Saw
48:21 Chain Barding Armor
51:36 Stone Shaft Mining
Liquid Lead
3:54 Loom
10:54 Feudal Age
14:34 Fletching
17:23 Town Watch
20:36 Castle Age
19:00 Stone Mining
19:46 Fishing Lines
20:25 Double-Bit Axe
22:12 Wheelbarrow
21:54 Bodkin Arrow
24:35 Tigui
27:58 Gold Mining
29:57 Hand Cart
29:39 Gillnets
31:10 Stone Shaft Mining
30:42 Scale Mail Armor
35:59 Imperial Age
34:52 Gold Shaft Mining
37:54 Chain Mail Armor
39:08 Conscription
39:29 Bow Saw
39:58 Horse Collar
40:41 Farimba
40:51 Scale Barding Armor
40:56 Forging
40:55 Scale Barding Armor
41:40 Husbandry
41:51 Bloodlines
41:02 Cavalier
42:50 Heavy Plow
44:49 Iron Casting
44:35 Chain Barding Armor
v1.0
5:44 Loom
11:35 Feudal Age
16:21 Castle Age
14:11 Double-Bit Axe
15:15 Gold Mining
16:31 Fishing Lines
18:23 Bow Saw
21:49 Town Watch
24:41 Fletching
25:48 Horse Collar
26:17 Bodkin Arrow
27:36 Ballistics
29:35 Padded Archer Armor
33:39 Wheelbarrow
33:15 Heavy Plow
36:12 Imperial Age
35:18 Gold Shaft Mining
35:13 Stone Mining
35:38 Masonry
36:56 Bracer
37:58 Chemistry
38:34 Conscription
38:32 Leather Archer Armor
40:34 Hand Cart
40:23 Scale Mail Armor
40:33 Forging
40:45 Bombard Tower
40:07 Elite Composite Bowman
41:24 Fereters
40:45 Pikeman
41:26 Squires
41:11 Arson
42:42 Chain Mail Armor
43:20 Ring Archer Armor
42:48 Murder Holes
43:17 Gambesons
44:19 Halberdier
45:45 Plate Mail Armor
48:06 Iron Casting
52:21 Blast Furnace
小桦
7:04 Loom
10:32 Feudal Age
11:44 Fishing Lines
11:54 Double-Bit Axe
14:24 Wheelbarrow
13:53 Fletching
18:15 Padded Archer Armor
20:31 Castle Age
19:45 Gold Mining
20:20 Town Watch
20:48 Crossbowman
21:28 Bodkin Arrow
21:49 Leather Archer Armor
22:35 Hand Cart
23:24 Thumb Ring
23:36 Leather Archer Armor
25:12 Ballistics
30:45 Horse Collar
34:27 Bow Saw
37:43 Imperial Age
36:56 Heavy Plow
36:48 Stone Mining
37:48 Squires
37:51 Scale Mail Armor
38:02 Forging
37:48 Arbalester
38:38 Bracer
40:34 Chemistry
40:12 Ring Archer Armor
40:53 Coinage
40:52 Paper Money
41:42 Stone Shaft Mining
42:01 Chain Mail Armor
41:56 Forging
42:21 Banking
43:19 Crop Rotation
44:06 Plate Mail Armor
44:11 Iron Casting
45:52 Elite Fire Lancer
49:41 Guard Tower
49:36 Arrowslits
50:19 Arson
传奇耐电王汤恩伯
1:32 Loom
12:01 Feudal Age
24:07 Double-Bit Axe
25:29 Fishing Lines
37:45 Castle Age
48:20 Wheelbarrow
51:48 Hand Cart
无花果
8:08 Loom
12:54 Feudal Age
17:26 Castle Age
18:01 Horse Collar
18:09 Double-Bit Axe
19:17 Stone Mining
20:06 Bow Saw
25:43 Fletching
29:42 Scale Mail Armor
31:35 Chain Mail Armor
45:21 Wheelbarrow
47:40 Imperial Age
46:25 Squires
46:10 Arson
46:36 Heavy Plow
46:34 Gambesons
47:19 Forging
48:38 Hand Cart
47:53 Elite Varangian Guard
49:47 Plate Mail Armor
49:53 Iron Casting
50:04 Gold Mining
52:10 Gold Shaft Mining
52:57 Blast Furnace
Connection lost

Rejoining the realm…

Still unreachable

The connection could not be restored.

Session expired

The server has moved on; the page needs a fresh start.